AoeStats
← augustin.renard

Hill Fort

506646889Analyzed
4v4 RM · 18d ago on Sep 14, 2026· 30m 45s· 8 players
Game mode
Random Map
Map size
Large (8 player)
Population
200
Speed
Normal
Resources
Standard
Victory
Conquest
Starting age
Dark Age
Ending age
Imperial Age
RankedLock teamsTeams togetherTeam positionsShared explorationLock speedFull tech treeHidden civsTurbo modeCheats
Victory
Defeat
🇫🇷 Mongols · France
781
+3
🇬🇧 Japanese · United Kingdom
674
+5
🇫🇷 Franks · France
603
+7
🇦🇷 Spanish · Argentina
602
+6
🇬🇧 Huns · United Kingdom
402
-6
🇬🇧 Persians · United Kingdom
395
-6
🇮🇹 Teutons · Italy
372
-5
🇨🇳 Malians · China
303
-4
A snickers7606
18:12 Feudal Age
24:40 Castle Age
23:16 Wheelbarrow
22:25 Horse Collar
Footy_king11
11:12 Feudal Age
11:29 Horse Collar
11:45 Gold Mining
14:28 Wheelbarrow
13:41 Loom
14:54 Double-Bit Axe
19:46 Stone Mining
20:52 Scale Barding Armor
hallerpeter14
4:00 Loom
12:54 Feudal Age
15:17 Gold Mining
15:17 Stone Mining
17:55 Horse Collar
18:07 Double-Bit Axe
23:10 Castle Age
27:51 Heavy Plow
全力释放
3:41 Loom
11:09 Feudal Age
20:05 Castle Age
18:56 Double-Bit Axe
19:06 Horse Collar
Triskelion
3:18 Loom
13:22 Feudal Age
14:37 Double-Bit Axe
20:48 Castle Age
26:39 Gold Mining
26:43 Stone Mining
27:05 Bow Saw
28:00 Ballistics
27:37 Fletching
27:10 Pikeman
27:12 Crossbowman
27:36 Horse Collar
30:09 Bodkin Arrow
30:18 Squires
augustin.renard
0:31 Loom
9:25 Feudal Age
10:57 Double-Bit Axe
10:58 Horse Collar
12:35 Wheelbarrow
18:45 Gold Mining
19:24 Stone Mining
23:29 Castle Age
21:29 Fletching
26:24 Padded Archer Armor
26:31 Scale Barding Armor
27:41 Gold Shaft Mining
27:43 Stone Shaft Mining
27:21 Heavy Plow
28:06 Bodkin Arrow
30:00 Chain Barding Armor
30:00 Leather Archer Armor
31:18 Hand Cart
joaquin5476
0:52 Loom
10:25 Feudal Age
16:07 Wheelbarrow
15:22 Double-Bit Axe
armand.clement.1234
7:30 Loom
9:55 Feudal Age
10:51 Double-Bit Axe
13:54 Wheelbarrow
16:35 Stone Mining
19:22 Castle Age
17:42 Fletching
23:27 Bodkin Arrow
27:34 Gold Mining
Connection lost

Rejoining the realm…

Still unreachable

The connection could not be restored.

Session expired

The server has moved on; the page needs a fresh start.